 Dungeon Crawl Stone Soup version 0.21-a0-404-g291f19a (webtiles) character file.

1331 tof the Twirler (level 8, -5/68 HPs)
             Began as a Minotaur Gladiator on Oct 28, 2017.
             Shot with an arrow by a centaur (14 damage)
             ... on level 6 of the Dungeon.
             The game lasted 00:07:32 (3406 turns).

tof the Twirler (Minotaur Gladiator)                Turns: 3406, Time: 00:07:33

Health: -5/68      AC: 11    Str: 18    XL:     8   Next: 34%
Magic:  7/7        EV: 13    Int:  5    God:
Gold:   183        SH:  0    Dex: 15    Spells: 7/7 levels left

rFire    . . .     SeeInvis .   a - +0 quarterstaff
rCold    . . .     Gourm    .   (shield currently unavailable)
rNeg     . . .     Faith    .   j - +0 scale mail
rPois    .         Spirit   .   c - +0 hat
rElec    .         Reflect  .   (no cloak)
rCorr    .         Harm     .   v - +0 pair of gloves
MR       .....                  (no boots)
Stlth    ..........             (no amulet)
HPRegen  0.21/turn              D - ring of wizardry
MPRegen  0.10/turn              C - ring of wizardry

@: no status effects
A: retaliatory headbutt, horns 2, yellow scales 1
a: no special abilities


You were on level 6 of the Dungeon.
You were not hungry.

You visited 1 branch of the dungeon, and saw 6 of its levels.

You collected 183 gold pieces.

Inventory:

Hand Weapons
 a - a +0 quarterstaff (weapon)
Missiles
 d - a throwing net (quivered)
 s - 18 poisoned needles
Armour
 c - a +0 hat (worn)
 j - a +0 scale mail (worn)
 v - a +0 pair of gloves (worn)
Jewellery
 e - an uncursed ring of magical power
 C - a ring of wizardry (right hand)
 D - a ring of wizardry (left hand)
Scrolls
 g - a scroll of fear {unknown}
 i - a scroll of remove curse
 o - 2 scrolls of recharging
 q - 3 scrolls of blinking
 r - a scroll of identify
 t - 3 scrolls of fog
 u - a scroll of enchant weapon
 y - a scroll of enchant armour
 B - a scroll of magic mapping {unknown}
 G - a scroll of teleportation
Potions
 b - 2 potions of might {unknown}
 k - a potion of haste {unknown}
 l - 2 potions of berserk rage {unknown}
 m - a potion of magic {unknown}
 n - a potion of ambrosia {unknown}
 p - a potion of lignification {unknown}
 x - a potion of agility {unknown}
 z - a potion of cancellation {unknown}
 A - a potion of brilliance {unknown}
 E - a potion of curing {unknown}
Comestibles
 f - 2 bread rations
 h - 3 meat rations
 w - 2 fruits


   Skills:
 + Level 5.2 Fighting
 * Level 7.4 Staves
 + Level 4.2 Throwing
 * Level 6.3 Armour
 + Level 5.3 Dodging


You had 7 spell levels left.
You didn't know any spells.

Dungeon Overview and Level Annotations

Branches:
Dungeon (6/15)
 Temple: D:4-7

Altars:

Annotations:
D:4 Eustachio


Innate Abilities, Weirdness & Mutations

You reflexively headbutt those who attack you in melee.
You have a pair of horns on your head.
You are partially covered in yellow scales. (AC +2)


Message History

Things that are here:
a dagger; a robe The quokka misses you.
The quokka bites you but does no damage.
The quokka completely misses you.
The quokka bites you but does no damage.
The quokka bites you but does no damage.
The quokka bites you.
* * * LOW HITPOINT WARNING * * *
The quokka bites you but does no damage.
You hit the quokka.
You headbutt the quokka, but do no damage.
The quokka is moderately wounded.
The quokka closely misses you. The quokka bites you.
* * * LOW HITPOINT WARNING * * *
You sock the quokka!
You kill the quokka!
You feel yourself speed up.
The centaur shoots an arrow.
The arrow hits you!
You die...

#...<..####### #............+ .#
#....#.###### .. #...........#
.## #.####......# ..# #.#
#..รท...# #.# #. #.####......#
#.## #.
#.#.........##############..###.
#.'.........'..@.caZ....).......
###......=..###############.###.
#.........# #..##. #.........#
##.##. #.........# #c.#.
###.........## ##a#o
#............# #(#)
#............# #.((
#............# #####..


You could see a centaur, a worker ant and a centaur warrior skeleton.

Vanquished Creatures
  3 ice beasts (D:5)
  A phantom (D:6)
  2 sky beasts (D:5)
  2 ogres (D:5)
  2 centaurs (D:5)
  A water moccasin skeleton (D:5)
  A bullfrog zombie (D:6)
  A hound (D:5)
  3 orc wizards
  3 worker ants
  A howler monkey skeleton (D:5)
  8 adders
  A shadow imp (D:5)
  An ooze (D:1)
  2 dart slugs
  3 orcs
  9 bats
  3 giant cockroaches (D:3)
  10 goblins
  5 hobgoblins
  8 kobolds
  4 quokkas
  6 frilled lizards
  A quokka skeleton (D:5)
  A quokka zombie (D:5)
  7 rats
89 creatures vanquished.

Vanquished Creatures (others)
  2 orc wizards (D:6)
  An orc (D:6)
3 creatures vanquished.

Grand Total: 92 creatures vanquished

Notes
Turn   | Place    | Note
-------+----------+-------------------------------------------
     0 | D:1      | tof the Minotaur Gladiator began the quest for the Orb.
     0 | D:1      | Reached XP level 1. HP: 18/18 MP: 0/0
   170 | D:1      | Reached skill level 1 in Armour
   170 | D:1      | Reached XP level 2. HP: 25/25 MP: 1/1
   178 | D:1      | Reached skill level 4 in Staves
   507 | D:1      | Reached XP level 3. HP: 30/30 MP: 2/2
  1116 | D:2      | Reached XP level 4. HP: 32/37 MP: 3/3
  2036 | D:4      | Noticed Eustachio
  2056 | D:5      | Entered Level 5 of the Dungeon
  2343 | D:5      | Reached XP level 5. HP: 42/45 MP: 4/4
  2400 | D:5      | Reached skill level 5 in Staves
  2502 | D:5      | Noticed an ice beast
  2510 | D:5      | Killed an ice beast
  2510 | D:5      | Reached XP level 6. HP: 52/52 MP: 5/5
  2557 | D:5      | Noticed a sky beast
  2580 | D:5      | Killed a sky beast
  2580 | D:5      | Reached skill level 6 in Staves
  2580 | D:5      | Reached XP level 7. HP: 49/59 MP: 6/6
  2584 | D:5      | Gained mutation: You are partially covered in yellow scales. (AC +2) [mutagenic meat]
  2585 | D:5      | Gained mutation: You are dopey. (Int -2) [mutagenic meat]
  2586 | D:5      | Lost mutation: You are dopey. (Int -2) [mutagenic meat]
  2643 | D:5      | Reached skill level 5 in Armour
  2912 | D:5      | Reached skill level 5 in Dodging
  3016 | D:5      | Reached skill level 7 in Staves
  3016 | D:5      | Reached XP level 8. HP: 52/67 MP: 7/7
  3271 | D:6      | Reached skill level 5 in Fighting
  3406 | D:6      | Shot with an arrow by a centaur

Vault maps used:
D:1:      dpeg_arrival_water_temple_mockup
D:2:      minmay_tetromino_s4
D:4:      minmay_overflow_temple_star_quad, uniq_grinder, uniq_eustachio
D:5:      first_bread

Skill      XL: |  1  2  3  4  5  6  7  8 |
---------------+-------------------------+-----
Armour         | 1 2 3 4 5 6 |  6.3
Staves         | 4 5 6 7 |  7.4
Fighting       | 3 4 5 |  5.2
Dodging        | 4 5 |  5.3
Throwing       | 3 4 |  4.2

Action                   |  1- 3 |  4- 6 |  7- 9 || total
-------------------------+-------+-------+-------++-------
Melee: Quarterstaff      |    56 |    88 |    91 ||   235
       Headbutt          |     3 |    16 |    19 ||    38
Throw: Throwing net      |       |     4 |       ||     4
  Use: Scroll            |       |    11 |     1 ||    12
 Stab: Distracted        |       |     1 |       ||     1
  Eat: Chunk             |     1 |     4 |     6 ||    11
Armor: Leather armour    |     4 |       |       ||     4
       Scale mail        |    17 |    32 |    53 ||   102
Dodge: Dodged            |    44 |    48 |    74 ||   166

Table legend:
 A = Spawn XP
 B = Non-spawn XP
 C = Spawn XP percentage of total XP
 D = Spawn monster count
 E = Non-spawn monster count
 F = Spawn count percentage of total count
 G = Total turns spent on level
                    A         B        C        D         E        F      G
               +---------+---------+-------+---------+---------+-------+---------
         Total |       0 |    1902 |   0.0 |       0 |      92 |   0.0 |  3406
               +---------+---------+-------+---------+---------+-------+---------
           D:1 |       0 |      44 |   0.0 |       0 |      24 |   0.0 |   718
           D:2 |       0 |      68 |   0.0 |       0 |      14 |   0.0 |   660
           D:3 |       0 |      70 |   0.0 |       0 |      20 |   0.0 |   643
           D:5 |       0 |    1356 |   0.0 |       0 |      23 |   0.0 |  1166
           D:6 |       0 |     364 |   0.0 |       0 |      11 |   0.0 |   184
               +---------+---------+-------+---------+---------+-------+---------
